 Dungeon Crawl Stone Soup version 0.28.0-43-g3370ac3207 (webtiles) character file.

Game seed: 4418033414094254850

1620 fknight the Poker (level 8, 0/67 HPs)
             Began as a Gnoll Berserker on Mar 14, 2022.
             Was a Believer of Trog.
             Slain by an unseen horror (6 damage)
             ... on level 6 of the Dungeon.
             The game lasted 00:16:29 (5675 turns).

fknight the Poker (Gnoll Berserker)                 Turns: 5675, Time: 00:16:30

Health: 0/67       AC: 12    Str: 18    XL:     8   Next: 96%
Magic:  13/13      EV:  9    Int:  6    God:    Trog [**....]
Gold:   217        SH: 10    Dex: 13    Spells: 14/14 levels left

rFire   . . .      SeeInvis .   H - +0 trident
rCold   + . .      Faith    .   E - +0 buckler
rNeg    . . .      Spirit   .   s - +2 chain mail {rC+}
rPois   .          Reflect  +   (no helmet)
rElec   .          Harm     .   (no cloak)
rCorr   .          Rampage  .   (no gloves)
Will    .....                   (no boots)
Stlth   ..........              y - amulet of reflection
HPRegen 0.21/turn               (no ring)
MPRegen 0.13/turn               (no ring)

@: no status effects
A: fangs 1, strong nose, distributed training
a: Renounce Religion, Berserk, Trog's Hand


You were on level 6 of the Dungeon.
You worshipped Trog.
Trog was pleased with you.
You visited 1 branch of the dungeon, and saw 6 of its levels.

You collected 256 gold pieces.
You spent 39 gold pieces at shops.

Inventory:

Hand Weapons
 a - a +0 spear
 b - a +2 whip of draining
 o - a +0 hunting sling
 r - a +2 short sword of electrocution
 w - a +1 dagger of venom
 C - a +1 whip of electrocution
 H - a +0 trident (weapon)
Missiles
 f - 100 stones (quivered)
 i - 10 poisoned darts
 x - a boomerang
Armour
 n - a +0 leather armour of cold resistance
 s - a +2 chain mail of cold resistance (worn)
 E - a +0 buckler (worn)
Jewellery
 v - a ring of ice
 y - an amulet of reflection (around neck)
Wands
 B - a wand of flame (16)
 F - a wand of paralysis (8)
 G - a wand of digging (6)
Scrolls
 c - a scroll of blinking
 d - a scroll of vulnerability {unknown}
 j - 2 scrolls of identify
 k - a scroll of enchant weapon {unknown}
 p - 2 scrolls of brand weapon {unknown}
 q - a scroll of immolation {unknown}
 D - 2 scrolls of teleportation {unknown}
Potions
 e - a potion of heal wounds {unknown}
 g - a potion of resistance {unknown}
 h - a potion of might {unknown}
 l - a potion of brilliance {unknown}
 t - 2 potions of lignification
 u - a potion of cancellation {unknown}
 z - a potion of magic {unknown}
 A - a potion of attraction {unknown}


   Skills:
 + Level 7.6 Fighting
 + Level 3.7 Short Blades
 + Level 3.7 Long Blades
 + Level 3.7 Axes
 + Level 3.7 Maces & Flails
 + Level 7.6 Polearms
 + Level 3.7 Staves
 + Level 3.7 Slings
 + Level 3.7 Bows
 + Level 3.7 Crossbows
 + Level 3.7 Throwing
 + Level 6.0 Armour
 + Level 6.0 Dodging
 + Level 3.7 Stealth
 + Level 3.7 Shields
 + Level 3.7 Unarmed Combat
 + Level 3.7 Spellcasting
 + Level 3.0 Conjurations
 + Level 3.0 Hexes
 + Level 3.0 Summonings
 + Level 3.0 Necromancy
 + Level 3.0 Translocations
 + Level 3.0 Transmutations
 + Level 3.0 Fire Magic
 + Level 3.0 Ice Magic
 + Level 3.0 Air Magic
 + Level 3.0 Earth Magic
 + Level 3.0 Poison Magic
 + Level 4.1 Invocations
 + Level 3.7 Evocations


You had 14 spell levels left.
You didn't know any spells.
Your spell library was empty.

Dungeon Overview and Level Annotations

Branches:
Dungeon (6/15)             Temple (0/1) D:4

Altars:
Dithmenos
Nemelex Xobeh
Vehumet

Shops:
D:1 =   D:3 !


Innate Abilities, Weirdness & Mutations

You have very sharp teeth.
Your uncanny sense of smell can sniff out nearby items.
Your experience applies equally to all skills.


Message History

Press: ? - help, Dir - move target
As you read the scroll labelled SUPHOU UHOBUA, it crumbles to dust.
It was a scroll of blinking.
Things that are here:
a +0 hand axe; a +0 ring mail
Found 8 gold pieces and a ring mail.
A centaur zombie comes into view.
Found 24 bolts.
You block the centaur zombie's attack. x3
The centaur zombie kicks you but does no damage.
You block the centaur zombie's attack.
The centaur zombie kicks you but does no damage.
You hit the centaur zombie.
The centaur zombie is lightly damaged.
Something hits you.
* * * LOW HITPOINT WARNING * * *
Something hits you but does no damage. You block the centaur zombie's attack.
The centaur zombie kicks you but does no damage.
You puncture the centaur zombie! You bite the centaur zombie.
The centaur zombie is moderately damaged.
You block something's attack. The centaur zombie closely misses you.
The centaur zombie kicks you.
* * * LOW HITPOINT WARNING * * *
You puncture the centaur zombie!
The centaur zombie is severely damaged.
You block something's attack.
The centaur zombie barely misses you. x2
You puncture the centaur zombie! Your bite misses the centaur zombie.
The centaur zombie is almost destroyed.
Something hits you but does no damage.
You block the centaur zombie's attack. x2
The centaur zombie hits you but does no damage.
The centaur zombie closely misses you.
You hit the centaur zombie but do no damage.
You bite the centaur zombie, but do no damage.
The centaur zombie is almost destroyed.
Something hits you but does no damage. You block the centaur zombie's attack.
The centaur zombie kicks you but does no damage.
You hit the centaur zombie.
You destroy the centaur zombie!
Trog accepts your kill. Something hits you.
You die...

.... .. .(. .#
...##.### .......###
#........# ##........#
#.#.........# ..##.
#.@.......
..#..###.......#
......##......## ..
#.......[.....
...###............
....###..........#
.........##...........
............#.........
.................##...


There were no monsters in sight!

Vanquished Creatures
  Pikel (D:5)
  A necrophage (D:6)
  An ogre (D:4)
  A centaur (D:5)
  2 phantoms
  2 scorpions
  2 howler monkeys (D:4)
  2 hounds
  2 orc priests
  A bullfrog skeleton (D:5)
  2 centaur zombies (D:6)
  A centaur skeleton (D:5)
  6 iguanas
  An orc wizard (D:3)
  Terence (D:3)
  A hound skeleton (D:4)
  3 adders
  2 white imps
  2 worms
  3 dart slugs
  12 orcs
  6 ball pythons
  8 bats
  2 endoplasms
  4 giant cockroaches
  5 hobgoblins
  16 jackals
  6 kobolds
  2 quokkas
  A frilled lizard (D:2)
  5 goblins
  9 rats
113 creatures vanquished.

Vanquished Creatures (others)
  An orc wizard (D:4)
1 creature vanquished.

Grand Total: 114 creatures vanquished

Notes
Turn   | Place    | Note
-------+----------+-------------------------------------------
     0 | D:1      | fknight the Gnoll Berserker began the quest for the Orb.
     0 | D:1      | Reached XP level 1. HP: 23/23 MP: 1/1
   189 | D:1      | Reached XP level 2. HP: 29/29 MP: 2/2
   206 | D:1      | Found Coicoarhai's Jewellery Boutique.
   296 | D:1      | Found a faded altar of an unknown god.
   595 | D:1      | Reached XP level 3. HP: 35/35 MP: 3/3
   777 | D:1      | Reached skill level 1 in Invocations
  1329 | D:2      | Reached ** piety under Trog
  1374 | D:2      | Reached skill level 1 in Short Blades
  1374 | D:2      | Reached skill level 1 in Long Blades
  1374 | D:2      | Reached skill level 1 in Axes
  1374 | D:2      | Reached skill level 1 in Maces & Flails
  1374 | D:2      | Reached skill level 1 in Staves
  1374 | D:2      | Reached skill level 1 in Slings
  1374 | D:2      | Reached skill level 1 in Bows
  1374 | D:2      | Reached skill level 1 in Crossbows
  1374 | D:2      | Reached skill level 1 in Throwing
  1374 | D:2      | Reached skill level 1 in Stealth
  1374 | D:2      | Reached skill level 1 in Shields
  1374 | D:2      | Reached skill level 1 in Unarmed Combat
  1374 | D:2      | Reached skill level 1 in Spellcasting
  1374 | D:2      | Reached skill level 1 in Evocations
  1390 | D:2      | Reached XP level 4. HP: 39/41 MP: 5/5
  2338 | D:3      | Noticed Terence
  2349 | D:3      | Killed Terence
  2350 | D:3      | Reached skill level 1 in Conjurations
  2350 | D:3      | Reached skill level 1 in Hexes
  2350 | D:3      | Reached skill level 1 in Summonings
  2350 | D:3      | Reached skill level 1 in Necromancy
  2350 | D:3      | Reached skill level 1 in Translocations
  2350 | D:3      | Reached skill level 1 in Transmutations
  2350 | D:3      | Reached skill level 1 in Fire Magic
  2350 | D:3      | Reached skill level 1 in Ice Magic
  2350 | D:3      | Reached skill level 1 in Air Magic
  2350 | D:3      | Reached skill level 1 in Earth Magic
  2350 | D:3      | Reached skill level 1 in Poison Magic
  2459 | D:3      | Found a radiant altar of Vehumet.
  2466 | D:3      | Found a sparkling altar of Nemelex Xobeh.
  2606 | D:3      | Found Geemyeto's Distillery.
  2625 | D:3      | Reached XP level 5. HP: 33/44 MP: 6/6
  2681 | D:3      | Bought a potion of curing for 39 gold pieces
  2987 | D:4      | Noticed a phantom
  3007 | D:4      | Killed a phantom
  3011 | D:4      | Reached XP level 6. HP: 34/53 MP: 8/8
  3124 | D:4      | Reached skill level 5 in Armour
  3124 | D:4      | Reached skill level 5 in Dodging
  3451 | D:4      | Reached XP level 7. HP: 25/59 MP: 10/10
  4001 | D:4      | Found a staircase to the Ecumenical Temple.
  4120 | D:5      | Entered Level 5 of the Dungeon
  4339 | D:5      | Noticed Pikel
  4358 | D:5      | Killed Pikel
  4359 | D:5      | Reached XP level 8. HP: 52/67 MP: 10/12
  4870 | D:5      | Found a shadowy altar of Dithmenos.
  5675 | D:6      | Slain by an unseen horror

Illustrated notes

Levels and vault maps discovered:
D:1:      dpeg_arrival_arbitrary_c, layout_loops_corners,
          ebering_ecumenical_altar_mist, serial_shops, shop_fountains,
          due_unseen_surprise
D:2:      layout_basic, minmay_statues_item
D:3:      layout_basic, grunt_temple_overflow_open, serial_shops,
          nicolae_shop_window_shopping, uniq_terence
D:4:      layout_basic, minmay_temple_entry_fiery, minmay_misc_feat_four_crosses
D:5:      layout_gridville, grunt_dithmenos_smoke_and_mirrors, minivault_27,
          minmay_fountain_box, uniq_pikel
D:6:      layout_cave_pools, chequers_decorated_corner, hex_tiny, uniq_duvessa

Skill      XL: |  1  2  3  4  5  6  7  8 |
---------------+-------------------------+-----
Invocations    | 1 2 3 4 |  4.1
Short Blades   | 1 2 3 |  3.7
Long Blades    | 1 2 3 |  3.7
Axes           | 1 2 3 |  3.7
Maces & Flails | 1 2 3 |  3.7
Staves         | 1 2 3 |  3.7
Slings         | 1 2 3 |  3.7
Bows           | 1 2 3 |  3.7
Crossbows      | 1 2 3 |  3.7
Throwing       | 1 2 3 |  3.7
Stealth        | 1 2 3 |  3.7
Shields        | 1 2 3 |  3.7
Unarmed Combat | 1 2 3 |  3.7
Spellcasting   | 1 2 3 |  3.7
Evocations     | 1 2 3 |  3.7
Conjurations   | 1 2 3 |  3.0
Hexes          | 1 2 3 |  3.0
Summonings     | 1 2 3 |  3.0
Necromancy     | 1 2 3 |  3.0
Translocations | 1 2 3 |  3.0
Transmutations | 1 2 3 |  3.0
Fire Magic     | 1 2 3 |  3.0
Ice Magic      | 1 2 3 |  3.0
Air Magic      | 1 2 3 |  3.0
Earth Magic    | 1 2 3 |  3.0
Poison Magic   | 1 2 3 |  3.0
Armour         | 5 6 |  6.0
Dodging        | 5 6 |  6.0
Fighting       | 7 |  7.6
Polearms       | 7 |  7.6

Action                   |  1- 3 |  4- 6 |  7- 9 || total
-------------------------+-------+-------+-------++-------
Melee: Spear             |   165 |   183 |   215 ||   563
       Bite              |    19 |    17 |    35 ||    71
       Punch             |     3 |     3 |    12 ||    18
       Trident           |       |       |    40 ||    40
Throw: Stone             |       |     4 |       ||     4
Invok: Trog's Hand       |       |     4 |     1 ||     5
       Berserk           |       |     3 |     2 ||     5
Evoke: Wand              |       |       |     1 ||     1
  Use: Potion            |       |       |     4 ||     4
       Scroll            |       |       |     2 ||     2
Armor: Animal skin       |     1 |       |       ||     1
       Ring mail         |    27 |     3 |       ||    30
       Chain mail        |       |    51 |   142 ||   193
       Scale mail        |       |    13 |       ||    13
Dodge: Dodged            |    68 |    66 |    69 ||   203
Block: Other             |       |       |    29 ||    29
       Buckler           |       |       |    46 ||    46
       Reflection        |       |       |     1 ||     1
